 Dungeon Crawl Stone Soup version 0.31-a0-236-g9a0961fb85 (webtiles) character file.

Game seed: 523105106529441829

223 qw the Shooter (level 6, -3/35 HPs)
             Began as a Gargoyle Hexslinger on July 10, 2023.
             Slain by an ogre
             ... wielding a +0 giant club
              (25 damage)
             ... on level 4 of the Dungeon.
             The game lasted 00:01:02 (2511 turns).

qw the Shooter (Gargoyle Hexslinger)                Turns: 2511, Time: 00:01:02

Health: -3/35      AC: 10    Str: 11    XL:     6   Next: 0%
Magic:  7/7        EV: 10    Int: 14    God:
Gold:   105        SH:  0    Dex: 14    Spells: 6/7 levels left

rFire   . . .        Y - +1 sling (flame)
rCold   . . .        (no shield)
rNeg    + . .        g - +0 ring mail
rPois   inf          k - +0 helmet
rElec   +            (no cloak)
rCorr   +            (no gloves)
SInv    .            (no boots)
Will    .....        (no amulet)
Stlth   +            c - ring of resist corrosion
HPRegen 0.25/turn    (no ring)
MPRegen 0.10/turn

%: no passive effects
@: no status effects
A: sickness immunity, AC +4, negative energy resistance 1, electricity
resistance, torment resistance 1, petrification resistance
a: no special abilities


You were on level 4 of the Dungeon.
You visited 1 branch of the dungeon, and saw 4 of its levels.

You collected 105 gold pieces.


Innate Abilities, Weirdness & Mutations

You are immune to sickness and miasma.
Your stone body is resilient. (AC +4)
You are immune to poison.
You resist negative energy. (rN+)
You are resistant to electric shocks. (rElec)
You are resistant to unholy torment.
You are immune to petrification.


   Skills:
 + Level 2.1 Fighting
 - Level 5.6 Ranged Weapons
 - Level 1.0 Armour
 - Level 1.5 Dodging
 - Level 1.0 Spellcasting
 - Level 2.6 Hexes


You had 6 spell levels left.
You knew the following spells:

 Your Spells              Type           Power      Damage    Failure   Level
a - Slow                  Hex            32%        N/A       21%         1

Your spell library contained the following spells:

 Spells                   Type           Power      Damage    Failure   Level
 Inner Flame              Hex/Fire       4%         N/A       71%         3
 Portal Projectile        Hex/Tloc       8%         N/A       71%         3
 Cause Fear               Hex            4%         N/A       90%         4

Inventory:

Hand Weapons
 Y - a +1 sling of flaming (weapon)
Armour
 g - a +0 ring mail (worn)
 k - a +0 helmet (worn)
Jewellery
 c - a ring of resist corrosion (left hand)
Scrolls
 a - 3 scrolls of identify
Potions
 b - a potion of lignification {unknown}
 d - a potion of haste
 f - a potion of might
 i - 2 potions of curing
 j - a potion of resistance {unknown}
 m - a potion of mutation {unknown}

Dungeon Overview and Level Annotations

Branches:
Dungeon (4/15)
 Temple: D:4-7

Altars:
Cheibriados
Kikubaaqudgha
Nemelex Xobeh
Ru
Trog
Vehumet
Wu Jian
Zin

Shops:
D:1 [(![

Annotations:
D:3 2 transporters, qw's ghost, weakling GrHs


Message History

The jackal bites you but does no damage.
The jackal barely misses you. The ogre barely misses you. The phantom hits you.
The phantom blinks!
You blink.
You have reached level 6!
Enter note:
Enter note: You shoot a sling bullet.
The sling bullet closely misses the phantom.
The phantom barely misses you.
You shoot a sling bullet. The sling bullet misses the phantom.
The phantom hits you but does no damage.
You shoot a sling bullet. The sling bullet hits the phantom.
The sling bullet burns the phantom.
The phantom is heavily damaged.
The phantom hits you but does no damage.
You shoot a sling bullet.
The sling bullet barely misses the phantom.
The sling bullet hits the ogre.
The sling bullet burns the ogre.
The ogre is lightly wounded.
The phantom closely misses you. The phantom hits you.
You shoot a sling bullet. The sling bullet hits the phantom.
The sling bullet burns the phantom.
The phantom is severely damaged.
The jackal completely misses you. The ogre barely misses you.
The phantom closely misses you.
You shoot a sling bullet.
The sling bullet hits the phantom but does no damage.
The phantom is severely damaged.
The jackal bites you but does no damage. x2
The phantom barely misses you. The ogre barely misses you.
You shoot a sling bullet. The sling bullet hits the phantom.
The sling bullet burns the phantom.
The phantom is severely damaged.
The jackal bites you but does no damage.
The jackal closely misses you. The phantom closely misses you.
The jackal bites you but does no damage.
The jackal closely misses you.
The ogre hits you with a +0 giant club!!
Ouch! That really hurt!
You die...

#.###### #.....#
#####.# #.# #.# #.#
#.# ## ##########.#
#.####. #...h@..$..#
##...##. #...hWO....#
#....##.
#..........####....#..
#.........[#..'....#.#
#..........#.##...###.
#..).......#.###.##.PP
#.........##.# #.##P.^
#.........##.# #.##.._
#.........##.# #.##PP.


You could see an ogre, a phantom and 2 jackals.

Vanquished Creatures
  A black bear (D:4)
  Ijyb (D:4)
  4 adders (D:3)
  4 worms
  A dart slug (D:2)
  4 orcs
  4 endoplasms
  3 giant cockroaches
  4 goblins
  4 hobgoblins
  A jackal (D:4)
  8 kobolds
  4 quokkas
  4 ball pythons
  6 bats
  4 rats
57 creatures vanquished.

Notes
Turn   | Place    | Note
-------+----------+-------------------------------------------
     0 | D:1      | qw the Gargoyle Hexslinger began the quest for the Orb.
     0 | D:1      | Reached XP level 1. HP: 12/12 MP: 2/2
     0 | D:1      | 0 ||| qw: Version: 0.3-a-52-g30416fa
     0 | D:1      | 0 ||| qw: Game counter: 4712
     0 | D:1      | 0 ||| qw: Melee chars always use a shield: true
     0 | D:1      | 0 ||| qw: God list: Okawaru
     0 | D:1      | 0 ||| qw: Allow faded altars: false
     0 | D:1      | 0 ||| qw: Do Orc after clearing Dungeon:15 true
     0 | D:1      | 0 ||| qw: Do second Lair branch before Depths: true
     0 | D:1      | 0 ||| qw: Lair rune preference: random
     0 | D:1      | 0 ||| qw: Goals: Normal
     0 | D:1      | 0 ||| PLANNING D:1-11
   120 | D:1      | Found Camoiwk's Distillery.
   127 | D:1      | 127 ||| SHOPLISTING 2 potions of curing (72 gold, have 6).
   127 | D:1      | 127 ||| SHOPLISTING potion of curing (36 gold, have 6).
   127 | D:1      | 127 ||| SHOPLISTING potion of enlightenment (60 gold, have
                  | 6).
   127 | D:1      | 127 ||| SHOPLISTING potion of heal wounds (60 gold, have
                  | 6).
   127 | D:1      | 127 ||| SHOPLISTING potion of might (48 gold, have 6).
   127 | D:1      | 127 ||| SHOPLISTING potion of resistance (120 gold, have
                  | 6).
   215 | D:1      | Found Nesaddix's Weapon Shop.
   388 | D:1      | Found Ufuelept's Antique Armour Shop.
   393 | D:1      | 393 ||| SHOPLISTING dyed leather armour (120 gold, have
                  | 30).
   393 | D:1      | 393 ||| SHOPLISTING embroidered hat (168 gold, have 30).
   393 | D:1      | 393 ||| SHOPLISTING pair of embroidered gloves (180 gold,
                  | have 30).
   393 | D:1      | 393 ||| SHOPLISTING pair of gloves (108 gold, have 30).
   393 | D:1      | 393 ||| SHOPLISTING ring mail (96 gold, have 30).
   484 | D:1      | Reached XP level 2. HP: 16/16 MP: 3/3
   536 | D:1      | Found Viwupiru's Armour Boutique.
   544 | D:1      | 544 ||| SHOPLISTING +0 pair of boots of rampaging (138
                  | gold, have 33).
   544 | D:1      | 544 ||| SHOPLISTING +1 robe "Rihehetz" {Harm rF- rC+ Str+3}
                  | (228 gold, have 33).
   544 | D:1      | 544 ||| SHOPLISTING scarf of resistance (384 gold, have
                  | 33).
   676 | D:1      | 676 ||| UPGRADING to +0 ring mail.
   686 | D:1      | 686 ||| DROPPING +0 robe.
   687 | D:1      | 687 ||| UPGRADING to +0 helmet.
   692 | D:1      | 692 ||| READING scroll labelled WATOLI NUVUS.
   693 | D:1      | 693 ||| READING scroll labelled FUGHEP PEQI.
   697 | D:1      | 697 ||| READING scroll labelled OVATEK FIUG.
   698 | D:1      | 698 ||| DROPPING scroll of poison.
   737 | D:2      | Reached skill level 3 in Ranged Weapons
  1106 | D:2      | 1106 ||| FLEEEEING.
  1107 | D:2      | 1107 ||| FLEEEEING.
  1108 | D:2      | 1108 ||| FLEEEEING.
  1113 | D:2      | Reached XP level 3. HP: 21/21 MP: 4/4
  1412 | D:2      | Reached skill level 1 in Armour
  1469 | D:2      | 1469 ||| UPGRADING to ring of resist corrosion.
  1470 | D:2      | 1470 ||| READING scroll labelled ZYNWUC ATI.
  1471 | D:2      | 1471 ||| READING scroll labelled TAOC ZETID JIPH.
  1472 | D:2      | 1472 ||| DRINKING 2 golden potions.
  1473 | D:2      | 1473 ||| READING 3 scrolls of identify.
  1473 | D:2      | 1473 ||| IDENTIFYING black potion
  1474 | D:2      | 1474 ||| READING 2 scrolls of identify.
  1474 | D:2      | 1474 ||| IDENTIFYING viscous amethyst potion
  1475 | D:2      | 1475 ||| DROPPING potion of brilliance.
  1536 | D:3      | Noticed qw's ghost (weakling GrHs)
  1543 | D:3      | Found a transporter.
  1574 | D:3      | Found a transporter.
  1604 | D:3      | Reached XP level 4. HP: 12/26 MP: 5/5
  1691 | D:3      | Found a glowing silver altar of Zin.
  1747 | D:3      | Reached skill level 4 in Ranged Weapons
  1918 | D:3      | Found an ancient bone altar of Kikubaaqudgha.
  1922 | D:3      | Found an ornate altar of the Wu Jian Council.
  1927 | D:3      | Found a radiant altar of Vehumet.
  2040 | D:3      | 2040 ||| DROPPING ring of magical power.
  2041 | D:3      | 2041 ||| DRINKING 2 glowing yellow potions.
  2042 | D:3      | 2042 ||| DRINKING 2 pink potions.
  2043 | D:3      | 2043 ||| DROPPING potion of invisibility.
  2054 | D:4      | Noticed Ijyb
  2072 | D:4      | Killed Ijyb
  2073 | D:4      | Reached XP level 5. HP: 14/30 MP: 6/6
  2190 | D:4      | Noticed a black bear
  2200 | D:4      | HP: 6/30 [black bear (6)]
  2201 | D:4      | 2201 ||| READING scroll of teleportation.
  2202 | D:4      | Killed a black bear
  2203 | D:4      | Reached skill level 5 in Ranged Weapons
  2323 | D:4      | Found a bloodstained altar of Trog.
  2324 | D:4      | Found a snail-covered altar of Cheibriados.
  2325 | D:4      | Found a sparkling altar of Nemelex Xobeh.
  2398 | D:4      | Found a sacrificial altar of Ru.
  2488 | D:4      | Noticed a phantom
  2489 | D:4      | Noticed an ogre
  2505 | D:4      | Reached XP level 6. HP: 25/35 MP: 7/7
  2511 | D:4      | Slain by an ogre

Levels and vault maps discovered:
D:1:      matt_arrival_refuge, layout_loops_ring, serial_shops, shop,
          nicolae_shop_industrial_runoff, shop_fountains, shop,
          grunt_decor_fettered
D:2:      layout_loops_corners
D:3:      layout_rooms, grunt_temple_overflow_diamond, zin_scriptorium,
          gammafunk_ghost_arena
D:4:      layout_basic, okawaru_altar_gauntlet_db,
          nicolae_ru_the_path_less_chosen, gammafunk_temple_overflow_claw,
          uniq_ijyb, uniq_crazy_yiuf_cottage

Skill      XL: |  1  2  3  4  5 |
---------------+----------------+-----
Ranged Weapons | 3 4 5 |  5.6
Fighting       | 2 |  2.1
Armour         | 1 |  1.0
Dodging        | |  1.5
Spellcasting   | |  1.0
Hexes          | |  2.6

Action                     |  1- 3 |  4- 6 || total
---------------------------+-------+-------++-------
   Fire: Sling             |   109 |   122 ||   231
    Use: Scroll            |     7 |     1 ||     8
         Potion            |     1 |     2 ||     3
 Armour: Robe              |     4 |       ||     4
         Ring mail         |    67 |    80 ||   147
  Dodge: Dodged            |    64 |    76 ||   140

Table legend:
 A = Non-vault XP
 B = Vault XP
 C = Vault XP percentage of total XP
 D = Non-vault monster count
 E = Vault monster count
 F = Vault count percentage of total count
                 A         B        C        D         E       F
            +---------+---------+-------+---------+---------+-------
      Total |     283 |      36 |  11.3 |      56 |       1 |   1.8
            +---------+---------+-------+---------+---------+-------
        D:1 |      14 |       0 |   0.0 |      10 |       0 |   0.0
        D:2 |      32 |       0 |   0.0 |      15 |       0 |   0.0
        D:3 |      91 |       0 |   0.0 |      22 |       0 |   0.0
        D:4 |     146 |      36 |  19.8 |       9 |       1 |  10.0
            +---------+---------+-------+---------+---------+-------
